 Dungeon Crawl Stone Soup version 0.29.1-15-g9cfb28693d (webtiles) character file.

Game seed: 13693704284093662431

299 KittyFluff the Cudgeller (level 6, -3/57 HPs)
             Began as a Gargoyle Berserker on Apr 10, 2023.
             Was a Believer of Trog.
             Slain by a small abomination (12 damage)
             ... on level 3 of the Dungeon.
             The game lasted 00:12:33 (4121 turns).

KittyFluff the Cudgeller (Gargoyle Berserker)       Turns: 4121, Time: 00:12:34

Health: -3/57      AC: 11    Str: 20    XL:     6   Next: 36%
Magic:  6/6        EV: 12    Int:  8    God:    Trog [**....]
Gold:   89         SH:  0    Dex: 11    Spells: 5/5 levels left

rFire   + . .      SeeInvis .   E - +3 mace
rCold   . . .      Faith    .   (no shield)
rNeg    + . .      Spirit   .   F - +0 leather armour
rPois   ∞          Reflect  .   t - +2 hat
rElec   +          Harm     .   (no cloak)
rCorr   .          Rampage  .   (no gloves)
Will    .....                   y - +0 pair of boots
Stlth   ..........              (no amulet)
HPRegen 0.19/turn               l - ring of protection from fire
MPRegen 0.10/turn               (no ring)

@: berserking, very quick
A: sickness immunity, AC +4, negative energy resistance 1, electricity
resistance, torment resistance 1, petrification resistance
a: Renounce Religion, Berserk, Trog's Hand


You were on level 3 of the Dungeon.
You worshipped Trog.
Trog was pleased with you.
You visited 1 branch of the dungeon, and saw 3 of its levels.

You collected 89 gold pieces.

Inventory:

Hand Weapons
 g - a +0 sling
 v - a +0 quarterstaff
 E - a +3 mace (weapon)
Missiles
 d - 21 stones (quivered)
 D - a boomerang
Armour
 p - a +0 ring mail
 t - a +2 hat (worn)
 y - a +0 pair of boots (worn)
 F - a +0 leather armour (worn)
Jewellery
 l - a ring of protection from fire (left hand)
Wands
 z - a wand of digging (1)
Scrolls
 c - 4 scrolls of teleportation
 e - a scroll of poison {unknown}
 h - a scroll of vulnerability {unknown}
 i - a scroll of summoning {unknown}
 j - 2 scrolls of fog {unknown}
 n - a scroll of fear {unknown}
 u - a scroll of enchant armour {unknown}
 x - a scroll of identify
 A - a scroll of brand weapon {unknown}
Potions
 f - 3 potions of cancellation
 k - a potion of attraction
 m - 2 potions of invisibility
 q - a potion of curing
 r - 2 potions of heal wounds
 s - a potion of resistance
 w - a potion of lignification
 B - a potion of brilliance {unknown}
 C - a potion of haste {unknown}


   Skills:
 + Level 4.0 Fighting
 + Level 5.0 Maces & Flails
 * Level 3.7 Armour
 + Level 2.7 Dodging
 + Level 1.6 Stealth


You had 5 spell levels left.
You didn't know any spells.
Your spell library was empty.

Dungeon Overview and Level Annotations

Branches:
Dungeon (3/15)

Altars:
Gozag
Zin

Shops:
D:3 *

Annotations:
D:3 1 transporter


Innate Abilities, Weirdness & Mutations

You are immune to sickness and miasma.
Your stone body is resilient. (AC +4)
You are immune to poison.
You resist negative energy. (rN+)
You are resistant to electric shocks. (rElec)
You are resistant to unholy torment.
You are immune to petrification.


Message History

As you open the door, it creaks loudly!
Found 6 gold pieces.
Found a glowing silver altar of Zin.
There is an open door here.
There is a glowing silver altar of Zin here.
Press: ? - help, v - describe, . - travel An iron grate.
Unknown command.
Press < or > to pray at altars.
Press: ? - help, v - describe, . - travel, g - get item Item here: a gold piece.
The floor.
There is an open door here.
Found a potion of cancellation.
There is a transporter landing site here.
The kobold brigand shouts!
There is a transporter here.
You enter the transporter and appear at another place.
The kobold brigand hits you with a +0 short sword of distortion.
Space warps around you.
The small abomination barely misses you.
You hit the small abomination.
The small abomination is moderately damaged.
The small abomination hits you!
* * * LOW HITPOINT WARNING * * *
The kobold brigand misses you.
A red film seems to cover your vision as you go berserk!
You feel yourself moving faster!
You feel mighty!
The small abomination closely misses you.
The kobold brigand barely misses you.
You sock the small abomination!
The small abomination is heavily damaged.
The small abomination closely misses you.
The kobold brigand hits you with a +0 short sword of distortion.
* * * LOW HITPOINT WARNING * * *
Space warps around you.
* * * LOW HITPOINT WARNING * * *
You sock the small abomination!
The small abomination is almost destroyed.
The small abomination hits you!
You die...

...#.##...##...#x$.?#.##...######
####.##..##.#^#.^.##.##..........
........©#:.##..x.#..#.....######
.....#...##.# ## ##.###...#
######....##..##.### ##..#
####'...##.##....## #..#
##......##...###...##..#..#
#.......#.###.x##..##.##..######
#...)...##...#.@#©.#..#.........
#........####.K##..##!#...######
#...........####....###...##....
#.<..........##............#.###
#####+.....................#.#
#......................#.#
#.#...#.#......###.#.#.#.#
#.#.#.#........+...#.#.#)#
######.#.#.###......#####<#.#.#


You could see a kobold brigand and a small abomination.

Vanquished Creatures
  Sigmund (D:2)
  An orc priest (D:3)
  An adder (D:2)
  3 gnolls (D:2)
  A worm (D:2)
  3 dart slugs
  6 orcs (D:3)
  6 ball pythons
  An endoplasm (D:3)
  3 giant cockroaches
  6 hobgoblins
  6 jackals
  A quokka (D:1)
  6 bats
  4 frilled lizards
  5 goblins
  3 kobolds (D:1)
  6 rats
63 creatures vanquished.

Notes
Turn   | Place    | Note
-------+----------+-------------------------------------------
     0 | D:1      | KittyFluff the Gargoyle Berserker began the quest for the
                  | Orb.
     0 | D:1      | Reached XP level 1. HP: 14/14 MP: 1/1
   435 | D:1      | Reached XP level 2. HP: 6/19 MP: 2/2
  1169 | D:1      | Reached XP level 3. HP: 23/23 MP: 3/3
  1323 | D:1      | Reached ** piety under Trog
  1926 | D:2      | Noticed Sigmund
  1944 | D:2      | Killed Sigmund
  1945 | D:2      | Reached skill level 4 in Maces & Flails
  1945 | D:2      | Reached skill level 1 in Stealth
  1945 | D:2      | Reached XP level 4. HP: 7/29 MP: 4/4
  1945 | D:2      | Reached XP level 5. HP: 8/33 MP: 5/5
  2255 | D:2      | Reached XP level 6. HP: 17/38 MP: 6/6
  2817 | D:3      | Found a transporter.
  2883 | D:3      | Found Kuproukh's Assorted Antiques.
  3060 | D:3      | Found an opulent altar of Gozag.
  3364 | D:3      | Found a transporter.
  3574 | D:3      | Noticed a small abomination
  3658 | D:3      | Noticed a small abomination
  3735 | D:3      | Reached skill level 5 in Maces & Flails
  4066 | D:3      | Found a glowing silver altar of Zin.
  4121 | D:3      | Slain by a small abomination

Illustrated notes

Levels and vault maps discovered:
D:1:      minmay_arrival_three_doors, layout_basic
D:2:      layout_basic, minmay_bisected, uniq_sigmund
D:3:      layout_basic, pdpol_temple_overflow_zin_treasury_gozag_greed,
          gammafunk_ghost_abyssal_escape, serial_shops,
          nicolae_shop_overgrown_old_shop

Skill      XL: |  1  2  3  4  5  6 |
---------------+-------------------+-----
Maces & Flails | 4 5 |  5.0
Armour         | 3 |  3.7
Dodging        | 2 |  2.7
Stealth        | 1 |  1.6
Fighting       | 4 |  4.0

Action                   |  1- 3 |  4- 6 || total
-------------------------+-------+-------++-------
Melee: Mace              |   116 |   115 ||   231
Invok: Berserk           |     1 |     2 ||     3
  Use: Scroll            |       |     6 ||     6
 Stab: Sleeping          |     2 |     2 ||     4
Armor: Animal skin       |    55 |    48 ||   103
Dodge: Dodged            |    72 |    88 ||   160
